 Dungeon Crawl Stone Soup version 0.16-a0-2568-g6e0b792 (webtiles) character file.

440864 Engwar the Slayer (level 24, -17/166 HPs)
             Began as a Gargoyle Fighter on Nov 19, 2014.
             Was a High Priest of Qazlal.
             Killed by the air
             ... invoked by a titan
              (28 damage)
             ... on level 5 of the Vaults on Nov 21, 2014.
             The game lasted 05:12:26 (53512 turns).

Engwar the Slayer (Gargoyle Fighter)               Turns: 53512, Time: 05:12:26

Health: -17/166    AC: 53    Str: 24    XL:     24   Next: 10%
Magic:  30/38      EV:  7    Int: 16    God:    Qazlal [*****.]
Gold:   2166       SH: 31    Dex: 16    Spells: 0 memorised, 23 levels left

rFire  . . .     SeeInvis +     a - +7 morningstar of the Forsaken Eyes {drain, +Fly Int+3}
rCold  + . .     Clarity  .     O - +4 plate armour
rNeg   + . .     SustAb   .     W - +0 large shield
rPois  +         Gourm    .     P - +0 helmet "Kuis" {rC+}
rElec  +         Spirit   .     u - +2 cloak
rCorr  .         Warding  .     g - +0 pair of gloves {Dex+3}
rMut   .         Stasis   .     k - +0 pair of boots
MR     ++...                    y - amulet of regeneration
Stlth  ..........               S - ring of see invisible
                                M - ring of protection from magic

@: about to teleport, marked, protected from physical damage, flying, repel
missiles, very resistant to hostile enchantments, extremely unstealthy
A: able to fly continuously, big wings, negative energy resistance 1,
electricity resistance, unbreathing, evolution 1, petrification resistance, rot
immunity, AC +17
a: Stop Flying, Upheaval, Elemental Force, Disaster Area, Renounce Religion
}: 2/15 runes: decaying, serpentine


You were on level 5 of the Vaults.
You worshipped Qazlal.
Qazlal was extremely pleased with you.
You were not hungry.

You visited 9 branches of the dungeon, and saw 50 of its levels.
You visited 1 bazaar.
You also visited: Labyrinth, Bailey and Volcano.

You collected 4740 gold pieces.
You spent 2574 gold pieces at shops.


Innate Abilities, Weirdness & Mutations

You are resistant to torment.
You are immune to poison.
You can fly continuously.
Your stone body is very resilient (AC +17).
Your wings are large and strong.
You resist negative energy.
You are resistant to electric shocks.
You can survive without breathing.
You are immune to petrification.
You are immune to rotting.
You evolve.


   Skills:
 - Level 21.1 Fighting
 - Level 17.0 Maces & Flails
 - Level 20.0 Armour
 + Level 6.8 Dodging
 - Level 20.0 Shields
 - Level 15.0 Invocations
 - Level 12.0 Evocations


You had 23 spell levels left.
You didn't know any spells.

Inventory:

Hand weapons
 a - the +7 morningstar of the Forsaken Eyes (weapon) {drain, +Fly Int+3}
   (You bought it in a shop on level 4 of the Orcish Mines)

   A truly terrible weapon, it drains the life of those it strikes.
   It affects your intelligence (+3).
   It lets you fly.
Armour
 g - a +0 pair of gloves of dexterity (worn)
 k - a +0 pair of boots (worn)
 n - a +0 fire dragon armour
 u - a +2 cloak (worn)
 O - a +4 plate armour (worn)
 P - the +0 helmet "Kuis" (worn) {rC+}
   (You bought it in a shop on level 4 of the Orcish Mines)

   It protects you from cold.
 W - a +0 large shield (worn)
Magical staves
 s - an uncursed staff of wizardry {!a}
Rods
 b - a +2 iron rod (13/13)
   (You acquired it on level 5 of the Vaults)
Jewellery
 l - an uncursed amulet of rage
 y - an amulet of regeneration (around neck)
 B - an uncursed amulet of resist mutation
 M - a ring of protection from magic (left hand)
 R - an uncursed ring of protection from cold
 S - a ring of see invisible (right hand)
Magical devices
 f - a wand of fire (7)
 h - a wand of fire (1)
 j - a wand of disintegration (13)
 v - a wand of heal wounds (0)
 K - a wand of cold (0)
 X - a wand of draining (6)
Scrolls
 e - a scroll of brand weapon
 o - 5 scrolls of remove curse
 q - 3 scrolls of magic mapping
 t - 2 scrolls of teleportation
 A - 6 scrolls of identify
 J - 2 scrolls of immolation {!r}
Potions
 i - 2 potions of restore abilities
 p - a potion of resistance
 r - a potion of cancellation
 x - 6 potions of curing
Miscellaneous
 m - a legendary deck of destruction {Vitriol, drawn: 7}
Comestibles
 c - a beef jerky
 d - 14 bread rations
 w - a meat ration

. ...##)##.. .. .....#+#.....
#. ............. ##. #
#...........# ##..
#.##.........# #...
..+.........# #.###
##.........##
##.###...........##
#.9p#.............. ...
#...u......###......
#....#.%D##Cp...## ##.?...
#....#p.# ##D...# #....# .
#....#..## #C...# #....# ...
#....#pp.##.C....# ......
#...#....#.......##... ...##..
#.......c..p...####.. ..## #.
####...)....###################


You could see 2 shadow dragons, 2 titans, a red very ugly thing, a vault warden,
an ironheart preserver, a yaktaur captain, a vault sentinel and 2 ironbrand
convokers.


Message History

Your surroundings suddenly seem different.
Found a scroll of enchant weapon.
Unknown command.
Unknown command.
Found a falchion.
A titan comes into view.
The vault warden activates a sealing rune. x2
The doors slam shut!
A shadow dragon comes into view.
The vault warden activates a sealing rune. x3
The ironbrand convoker is engulfed in freezing vapours.
The vault warden activates a sealing rune. x3
The titan points at you and mumbles some strange words.
The bolt of lightning hits you! You resist.
* * * LOW HITPOINT WARNING * * *
The ironbrand convoker is engulfed in roaring flames.
You block the ironbrand convoker's attack.
A shadow dragon comes into view.
A vault warden and an ironbrand convoker come into view.
The titan waves its arms in wide circles.
The air twists around and violently strikes you in flight!
* * * LOW HITPOINT WARNING * * *
The vault warden moves out of view.
A yaktaur captain comes into view. It is wielding a smoking dagger.
Read which item? (? for menu, Esc to quit)
As you read the scroll of teleportation, it crumbles to dust.
You feel strangely unstable.
The titan waves its arms in wide circles.
The air twists around and violently strikes you in flight!
You die...

Action                   |  1- 3 |  4- 6 |  7- 9 | 10-12 | 13-15 | 16-18 | 19-21 | 22-24 || total
-------------------------+-------+-------+-------+-------+-------+-------+-------+-------++-------
Melee: Flail             |   122 |    35 |       |       |    38 |       |       |       ||   195
       Mace              |       |   188 |       |       |       |       |       |       ||   188
       Whip              |       |       |   426 |  1208 |  2261 |       |       |       ||  3895
       Morningstar       |       |       |       |       |   125 |  1706 |  2087 |  1410 ||  5328
Throw: Stone             |       |     5 |     2 |     1 |       |       |       |       ||     8
Invok: Elemental Force   |       |       |       |     1 |     1 |       |     1 |       ||     3
       Upheaval          |       |       |       |       |    13 |     6 |    12 |     7 ||    38
       Disaster Area     |       |       |       |       |       |       |     7 |     5 ||    12
 Abil: Fly               |       |       |       |     2 |       |     5 |       |       ||     7
Evoke: Wand              |       |       |       |     1 |     1 |     2 |     5 |     3 ||    12
       Deck              |       |       |       |     2 |     5 |       |       |       ||     7
       Rod               |       |       |       |       |       |       |       |     2 ||     2
  Use: Scroll            |     3 |     2 |    13 |    12 |    12 |     8 |    11 |    10 ||    71
       Potion            |       |     1 |     1 |    14 |     7 |     1 |    14 |     5 ||    43
 Stab: Petrified         |       |       |       |       |     2 |       |       |       ||     2
  Eat: Chunk             |     1 |     5 |     8 |    13 |    36 |    23 |     4 |    10 ||   100
       Pizza             |       |       |     2 |       |     3 |     2 |       |       ||     7
       Fruit             |       |       |       |     6 |     8 |     9 |     5 |     3 ||    31
       Bread ration      |       |       |       |     2 |       |       |     8 |     1 ||    11
       Beef jerky        |       |       |       |     1 |     1 |     2 |     1 |       ||     5
       Meat ration       |       |       |       |       |       |       |       |     2 ||     2

Vault maps used:
D:1:      dpeg_arrival_rooms_b
D:3:      yredelemnul_altar_generic, nicolae_overflow_hidden_temple,
          okawaru_trees_1, nicolae_ru_sacrificial_ziggurat
D:4:      erik_ogre, kennysheep_mini, serial_glass, glass_columns_b,
          glass_columns_a, minmay_strange_pillars, first_bread, uniq_pikel
D:5:      temple_fountains, uniq_menkaure
D:7:      lemuel_round_altar, serial_shops, shop,
          grunt_dithmenos_smoke_and_mirrors
D:8:      serial_shops, shop, shop, shop, enter_bailey_3, uniq_eustachio
D:9:      kennysheep_mini_moat, erik_orc_4, serial_shops, shop,
          kennysheep_doodads, uniq_edmund
D:10:     erik_lair_dragon, hangedman_ranch
D:11:     uniq_erolcha
D:12:     spider_trap
D:14:     hangedman_vaults_entry_quadrant_bands, kennysheep_another_room,
          spider_trap
Temple:   circular_temple_12
Lair:1:   portal_ice_cave_entry_ice_beasts, lab_entry_generic, st_stairs_12,
          beast_lair_carwin_2, serial_bayou_shore_a, lemuel_fruit_tree
Lair:2:   serial_bayou, serial_bayou_ford_a, serial_bayou_pond_b,
          serial_bayou_pond_a, serial_bayou_shore_b, serial_bayou_lake_a,
          serial_bayou_crossing
Lair:3:   guppyfry_snake_entry_garden, nicolae_volcano_entry_lava_flow
Lair:4:   dpeg_oklob_gauntlet, minmay_swamp_entry_worms
Lair:5:   hibernation_bobbens
Lair:6:   slime_altar_2
Lair:7:   grunt_megastairs_2, uniq_rupert
Lair:8:   hangedman_lair_in_review
Swamp:1:  evilmike_swamp_ruin_rubble_2, uniq_maud
Swamp:2:  infiniplex_staircase_pool, swamp_pool3, uniq_kirke, uniq_jorgrun
Swamp:3:  evilmike_swamp_ruin_house_2
Swamp:4:  nicolae_swamp_treefoil, uniq_asterion, uniq_louise
Swamp:5:  swamp, swamp_pool1
Snake:1:  serial_shops, shop
Snake:2:  grunt_ministairs_14, st_stairs_13
Snake:3:  uniq_aizul
Snake:4:  serial_shops, bzr_entry_water, st_stairs_14,
          nicolae_snake_salamander_stairs, uniq_vashnia
Snake:5:  grunt_snake_rune_serpentine_throne, grunt_ministairs_1
Slime:3:  uniq_dissolution
Orc:1:    nicolae_orc_flooded_monolith
Orc:3:    basic_altar, nicolae_orc_pool_cavern
Orc:4:    st_orc_pillars
Elf:1:    eino_elf_arrival_shootout, serial_shops, nicolae_shop_trees,
          evilmike_minifort, door_vault, uniq_erica
Elf:2:    grunt_ministairs_3, st_stairs_13
Vaults:1: v_rooms_5, v_alt_pattern_1, nicolae_vaults_good_morning_starshine,
          nicolae_vaults_what_the_h, vaults_standard_mumra_lines,
          nicolae_vaults_rhombus_7, v_misc_14, nicolae_vaults_gold_heap,
          dpeg_vaults_monster_box
Vaults:2: minmay_crypt_entry_simple_plaza, v_misc_27,
          nicolae_vaults_three_branches, v_misc_18, v_misc_10, v_misc_11,
          nicolae_vaults_little_squares_2, ontoclasm_vaults_tryst,
          ontoclasm_vaults_twist, ontoclasm_vaults_chip,
          ontoclasm_vaults_hangar, ontoclasm_vaults_gateway, uniq_xtahua,
          uniq_norris
Vaults:3: nicolae_vaults_twisting_passages, nicolae_vaults_triangles,
          ontoclasm_vaults_spin, hangedman_vaults_stretched_pinwheel,
          hangedman_vaults_locks, v_rooms_6, v_alt_pattern_1, v_misc_23,
          v_pattern_1, vaults_room_stairs_pillars, v_alt_pattern_4,
          dpeg_vaults_pockets_of_resistance, ontoclasm_vaults_idyll
Vaults:4: v_misc_26, nicolae_vaults_little_ls, v_alt_pattern_1,
          hangedman_vaults_slither, grunt_vaults_twisty,
          vaults_room_stairs_pillars, vaults_room_fours,
          nicolae_vaults_alarming, hangedman_vaults_maws,
          nicolae_vaults_little_squares_3, ontoclasm_vaults_pinch, serial_shops,
          shop
Vaults:5: serial_shops
Lab:      nicolae_lab_starburst, nicolae_lab_do_over, nicolae_lab_t_cross
Bazaar:   bazaar_lake
Bailey:   bailey_axe_2, bailey
Volcano:  volcano_grotto

Notes
Turn   | Place    | Note
--------------------------------------------------------------
     0 | D:1      | Engwar, the Gargoyle Fighter, began the quest for the Orb.
     0 | D:1      | Reached XP level 1. HP: 14/14 MP: 1/1
    19 | D:1      | Reached XP level 2. HP: 14/19 MP: 2/2
    93 | D:1      | Reached skill level 3 in Maces & Flails
   192 | D:1      | Reached XP level 3. HP: 23/23 MP: 3/3
   889 | D:2      | Upgraded the game from 0.16-a0-2388-g8c53b03 to 0.16-a0-2465-g0f9d4c6
  1032 | D:2      | Reached skill level 4 in Maces & Flails
  1312 | D:2      | Reached XP level 4. HP: 28/28 MP: 4/4
  1438 | D:3      | Found a glowing golden altar of the Shining One.
  1780 | D:3      | Found an iron altar of Okawaru.
  1842 | D:3      | Found a sacrificial altar of Ru.
  2034 | D:3      | Found a basalt altar of Yredelemnul.
  2185 | D:3      | Reached skill level 5 in Maces & Flails
  2185 | D:3      | Reached XP level 5. HP: 29/32 MP: 5/5
  2312 | D:4      | Noticed an ogre
  2322 | D:4      | Killed an ogre
  2388 | D:4      | Reached skill level 6 in Maces & Flails
  2415 | D:4      | Reached XP level 6. HP: 35/37 MP: 6/6
  2838 | D:4      | Found a radiant altar of Vehumet.
  2901 | D:4      | Noticed a slave
  2902 | D:4      | Noticed Pikel
  2902 | D:4      | Noticed a slave
  2902 | D:4      | Noticed a slave
  2902 | D:4      | Noticed a slave
  2957 | D:4      | Killed Pikel
  2957 | D:4      | Reached skill level 8 in Maces & Flails
  2957 | D:4      | Reached XP level 7. HP: 38/41 MP: 7/7
  3067 | D:5      | Entered Level 5 of the Dungeon
  3076 | D:5      | Reached skill level 9 in Maces & Flails
  3076 | D:5      | Reached XP level 8. HP: 41/46 MP: 8/8
  3083 | D:5      | Found a staircase to the Ecumenical Temple.
  3094 | Temple   | Entered the Ecumenical Temple
  3142 | Temple   | Became a worshipper of Qazlal Stormbringer
  3280 | D:5      | Noticed Menkaure
  3292 | D:5      | Killed Menkaure
  3431 | D:5      | Reached skill level 10 in Maces & Flails
  3646 | D:5      | Noticed Mayheim's ghost (experienced HOGl)
  3655 | D:5      | Killed Mayheim's ghost
  3655 | D:5      | Reached skill level 11 in Maces & Flails
  3655 | D:5      | Reached XP level 9. HP: 51/51 MP: 9/9
  3942 | D:6      | Acquired Qazlal's first power
  4325 | D:6      | Reached skill level 1 in Evocations
  4705 | D:6      | Reached skill level 12 in Maces & Flails
  4883 | D:6      | Acquired Qazlal's second power
  5142 | D:7      | Found a shadowy altar of Dithmenos.
  5158 | D:7      | Found Moipn's Gadget Emporium.
  5190 | D:7      | Found a blossoming altar of Fedhas.
  5570 | D:7      | Reached skill level 13 in Maces & Flails
  5820 | D:8      | Reached XP level 10. HP: 52/56 MP: 11/11
  6065 | D:8      | Found Orid's Assorted Antiques.
  6074 | D:8      | Acquired Qazlal's third power
  6124 | D:8      | Bought a crude chain mail for 256 gold pieces
  6124 | D:8      | Bought a scroll of identify for 54 gold pieces
  6125 | D:8      | Identified the cursed -4 chain mail of Winter {Int-4} (You bought it in a shop on level 8 of the Dungeon)
  6192 | D:8      | Found a flagged portal.
  6198 | D:8      | Noticed Eustachio
  6259 | Bailey   | Entered a bailey
  6381 | Bailey   | Acquired Qazlal's fourth power
  6601 | D:8      | Killed Eustachio
  6601 | D:8      | Reached skill level 14 in Maces & Flails
  6766 | D:8      | Found Ytav's Antique Weapon Shoppe.
  6767 | D:8      | Found Ciatiw's Jewellery Shoppe.
  7057 | D:8      | Reached skill level 4 in Fighting
  7401 | D:8      | Acquired Qazlal's fifth power
  7401 | D:8      | Reached skill level 5 in Fighting
  7524 | D:9      | Noticed Edmund
  7641 | D:8      | Killed Edmund
  7654 | D:9      | Reached skill level 4 in Armour
  7661 | D:9      | Reached skill level 4 in Shields
  8024 | D:9      | Found a shattered altar of Ashenzari.
  8216 | D:9      | Found Ywenkao's General Store.
  8222 | D:9      | Bought a scroll of identify for 28 gold pieces
  8222 | D:9      | Bought a potion of curing for 42 gold pieces
  8224 | D:9      | Gained mutation: You possess an exceptional clarity of mind. [potion of beneficial mutation]
  8225 | D:9      | Gained mutation: Your wings are large and strong. [potion of beneficial mutation]
  8332 | D:9      | Found a staircase to the Orcish Mines.
  9018 | D:10     | Entered Level 10 of the Dungeon
  9021 | D:10     | Noticed a hill giant
  9032 | D:10     | Killed a hill giant
  9032 | D:10     | Reached skill level 5 in Armour
  9032 | D:10     | Reached skill level 5 in Shields
  9084 | D:10     | Reached skill level 1 in Invocations
  9120 | D:10     | Reached skill level 2 in Invocations
  9292 | D:10     | Reached XP level 11. HP: 63/63 MP: 14/14
  9524 | D:10     | Found a staircase to the Lair.
  9616 | Lair:1   | Entered Level 1 of the Lair of Beasts
  9664 | Lair:1   | Found a labyrinth entrance.
  9686 | Lair:1   | Reached skill level 15 in Maces & Flails
  9700 | Lab      | Entered a labyrinth
  9907 | Lab      | HP: 5/64 [earth elemental (21)]
  9941 | Lab      | Reached skill level 6 in Fighting
 10536 | Lab      | Noticed a minotaur
 10548 | Lab      | Killed a minotaur
 10548 | Lab      | Reached skill level 7 in Fighting
 10642 | Lair:1   | Noticed a seven-headed hydra
 10655 | Lair:1   | Killed a seven-headed hydra
 10655 | Lair:1   | Reached skill level 8 in Fighting
 10910 | Lair:1   | Reached skill level 9 in Fighting
 11083 | Lair:1   | Reached skill level 10 in Fighting
 11083 | Lair:1   | Reached XP level 12. HP: 35/77 MP: 16/16
 11550 | Lair:2   | Reached skill level 6 in Armour
 11571 | Lair:2   | Reached skill level 7 in Armour
 12069 | Lair:2   | Reached skill level 8 in Armour
 12081 | Lair:2   | Reached skill level 1 in Dodging
 12163 | Lair:2   | Reached skill level 2 in Dodging
 12610 | Lair:3   | Noticed a death yak
 12613 | Lair:3   | Noticed a death yak
 12642 | Lair:3   | Noticed a death yak
 12644 | Lair:3   | Killed a death yak
 12648 | Lair:3   | Killed a death yak
 12648 | Lair:3   | Reached skill level 9 in Armour
 12666 | Lair:3   | Killed a death yak
 12848 | Lair:3   | Reached skill level 10 in Armour
 12858 | Lair:3   | Noticed Mayheim's ghost (powerful HOGl)
 12880 | Lair:3   | Killed Mayheim's ghost
 12880 | Lair:3   | Reached skill level 6 in Shields
 12974 | Lair:3   | Found a dark tunnel.
 12993 | Volcano  | Entered a volcano
 13150 | Volcano  | Reached skill level 7 in Shields
 13178 | Volcano  | Reached skill level 8 in Shields
 13469 | Volcano  | Found an ancient bone altar of Kikubaaqudgha.
 13567 | Lair:3   | Found a staircase to the Snake Pit.
 13951 | Lair:4   | Reached XP level 13. HP: 73/82 MP: 17/17
 14038 | Lair:4   | Reached skill level 9 in Shields
 14803 | Lair:4   | Found a staircase to the Swamp.
 15216 | Lair:5   | Upgraded the game from 0.16-a0-2465-g0f9d4c6 to 0.16-a0-2568-g6e0b792
 15234 | Lair:5   | Noticed Fyery's ghost (powerful HEIE)
 15249 | Lair:5   | Killed Fyery's ghost
 15249 | Lair:5   | Reached skill level 10 in Shields
 15471 | Lair:5   | Reached skill level 3 in Invocations
 15518 | Lair:5   | Reached skill level 4 in Invocations
 15805 | Lair:5   | Reached skill level 5 in Invocations
 16502 | Lair:5   | Reached skill level 11 in Fighting
 16644 | Lair:6   | Found a runed door.
 16645 | Lair:6   | Found a viscous altar of Jiyva.
 16646 | Lair:6   | Found a staircase to the Slime Pits.
 16918 | Lair:6   | Reached skill level 12 in Fighting
 17525 | Lair:7   | Reached skill level 13 in Fighting
 17582 | Lair:7   | Mutation became permanent: Your wings are large and strong. [gargoyle growth]
 17582 | Lair:7   | Reached XP level 14. HP: 55/94 MP: 22/22
 17840 | Lair:7   | Noticed Rupert
 17858 | Lair:7   | Killed Rupert
 18259 | Lair:7   | Reached skill level 14 in Fighting
 18563 | Lair:8   | Entered Level 8 of the Lair of Beasts
 19331 | Lair:8   | Reached skill level 15 in Fighting
 20111 | Lair:8   | Reached skill level 11 in Armour
 21237 | D:10     | Noticed an eight-headed hydra
 21243 | D:10     | Killed an eight-headed hydra
 21368 | D:10     | Noticed a two-headed hydra
 21410 | D:10     | Killed a two-headed hydra
 21410 | D:10     | Reached skill level 12 in Armour
 21506 | D:11     | Noticed Erolcha
 21516 | D:11     | Killed Erolcha
 21712 | D:11     | Found a roughly hewn altar of Beogh.
 22538 | D:12     | Reached skill level 13 in Armour
 22810 | D:12     | Reached XP level 15. HP: 97/103 MP: 23/23
 23978 | D:13     | Reached skill level 14 in Armour
 24834 | D:14     | Found a gate to the Vaults.
 25380 | Orc:1    | Entered Level 1 of the Orcish Mines
 25407 | Orc:1    | Reached skill level 15 in Armour
 26407 | Orc:3    | Reached skill level 6 in Invocations
 26811 | Orc:4    | Entered Level 4 of the Orcish Mines
 27023 | Orc:4    | Found a staircase to the Elven Halls.
 27586 | Orc:4    | Reached skill level 7 in Invocations
 27748 | Orc:4    | Reached skill level 8 in Invocations
 28325 | Orc:4    | Found Abism's Magic Scroll Shop.
 28326 | Orc:4    | Found Fopeola's Antique Weapon Shop.
 28326 | Orc:4    | Found Vad Ucau's Armour Boutique.
 28327 | Orc:4    | Found Byan's Antique Weapon Shop.
 28355 | Orc:4    | Bought a crystal morningstar for 207 gold pieces
 28360 | Orc:4    | Bought the +0 helmet "Kuis" {rC+} for 259 gold pieces
 28361 | Orc:4    | Identified the +7 morningstar of the Forsaken Eyes {drain, +Fly Int+3} (You bought it in a shop on level 4 of the Orcish Mines)
 28380 | Orc:4    | Bought a scroll of identify for 26 gold pieces
 28380 | Orc:4    | Bought a scroll of enchant armour for 97 gold pieces
 28380 | Orc:4    | Bought a scroll of enchant weapon for 97 gold pieces
 28380 | Orc:4    | Bought a scroll of enchant weapon for 97 gold pieces
 28383 | Orc:4    | Bought the cursed +5 scale mail of Releol {rN+ rCorr} for 599 gold pieces
 28490 | Elf:1    | Entered Level 1 of the Elven Halls
 28497 | Elf:1    | Noticed Erica
 28501 | Elf:1    | Killed Erica
 28868 | Elf:1    | Reached XP level 16. HP: 60/108 MP: 20/28
 29177 | Elf:1    | Reached skill level 16 in Maces & Flails
 29255 | Elf:1    | Found a huge runed gate.
 29255 | Elf:1    | Found a huge runed gate.
 29257 | Elf:1    | Found a huge runed gate.
 29257 | Elf:1    | Found a huge runed gate.
 29259 | Elf:1    | Found a huge runed gate.
 29260 | Elf:1    | Found a huge runed gate.
 29260 | Elf:1    | Found a huge runed gate.
 29260 | Elf:1    | Found a huge runed gate.
 29302 | Elf:1    | Found a huge runed gate.
 29303 | Elf:1    | Found Ywaah's Book Emporium.
 29666 | Elf:1    | Found a huge runed gate.
 29667 | Elf:1    | Found a huge runed gate.
 29667 | Elf:1    | Found a huge runed gate.
 29669 | Elf:1    | Found a huge runed gate.
 29669 | Elf:1    | Found a huge runed gate.
 29686 | Elf:1    | Found a huge runed gate.
 29686 | Elf:1    | Found a huge runed gate.
 29687 | Elf:1    | Found a huge runed gate.
 29902 | Elf:1    | Found a huge runed gate.
 29903 | Elf:1    | Found a huge runed gate.
 29910 | Elf:1    | Found a huge runed gate.
 29910 | Elf:1    | Found a huge runed gate.
 29926 | Elf:1    | Found a huge runed gate.
 29927 | Elf:1    | Found a huge runed gate.
 29928 | Elf:1    | Found a huge runed gate.
 29961 | Elf:1    | Found a huge runed gate.
 30521 | Elf:2    | Reached skill level 17 in Maces & Flails
 30543 | Elf:2    | Noticed an Executioner
 30543 | Elf:2    | Reached skill level 9 in Invocations
 30762 | Elf:2    | Noticed a Brimstone Fiend
 30806 | Elf:1    | Noticed a deep elf master archer
 30806 | Elf:1    | Noticed a deep elf master archer
 30806 | Elf:1    | Noticed a deep elf blademaster
 30806 | Elf:1    | Noticed a deep elf master archer
 30806 | Elf:1    | Noticed a deep elf blademaster
 30830 | Elf:1    | Killed a deep elf blademaster
 30848 | Elf:1    | Killed a deep elf blademaster
 31143 | Swamp:1  | Entered Level 1 of the Swamp
 31165 | Swamp:1  | Reached skill level 10 in Invocations
 31227 | Swamp:1  | Reached skill level 2 in Evocations
 31293 | Swamp:1  | Noticed Maud
 31305 | Swamp:1  | Killed Maud
 31305 | Swamp:1  | Reached skill level 3 in Evocations
 31331 | Swamp:1  | Identified the Disquisition on Nocuous Ice
 31444 | Swamp:1  | Reached skill level 4 in Evocations
 31493 | Swamp:1  | Reached skill level 5 in Evocations
 32011 | Swamp:2  | Noticed Kirke
 32198 | Swamp:1  | Killed Kirke
 32204 | Swamp:2  | Noticed Jorgrun
 32221 | Swamp:2  | Killed Jorgrun
 32310 | Swamp:2  | Reached skill level 16 in Fighting
 32310 | Swamp:2  | Reached XP level 17. HP: 110/115 MP: 30/30
 33385 | Swamp:4  | Reached skill level 17 in Fighting
 33468 | Swamp:4  | Noticed Asterion
 33746 | Swamp:4  | Noticed Louise
 33753 | Swamp:4  | Killed Louise
 33797 | Swamp:4  | Killed Asterion
 34405 | Swamp:5  | Entered Level 5 of the Swamp
 34484 | Swamp:5  | Reached skill level 18 in Fighting
 35079 | Swamp:5  | Got a decaying rune of Zot
 35356 | Swamp:5  | Reached skill level 19 in Fighting
 35748 | Snake:1  | Entered Level 1 of the Snake Pit
 35748 | Snake:1  | Found Myosomio's Magic Scroll Shop.
 35912 | Snake:1  | Reached XP level 18. HP: 104/128 MP: 30/30
 36886 | Snake:2  | Reached skill level 20 in Fighting
 37421 | Snake:3  | Reached skill level 11 in Shields
 37423 | Snake:3  | Noticed Aizul
 37438 | Snake:3  | Killed Aizul
 38146 | Snake:3  | Reached skill level 12 in Shields
 38336 | Snake:4  | Noticed Vashnia
 38475 | Snake:4  | Found a flickering gateway to a bazaar.
 38481 | Bazaar   | Entered a bazaar
 38481 | Bazaar   | Found Mnauxzeu's Antique Weapon Boutique.
 38490 | Bazaar   | Found Eqeq's Gadget Emporium.
 38496 | Bazaar   | Found Enaru's Antique Armour Emporium.
 38508 | Bazaar   | Found Mibiof's Magic Scroll Boutique.
 38535 | Bazaar   | Found Idolez's General Store.
 38564 | Bazaar   | Bought a wand of heal wounds (2) for 648 gold pieces
 38587 | Bazaar   | Bought a scroll of enchant armour for 82 gold pieces
 38587 | Bazaar   | Bought a scroll of enchant weapon for 82 gold pieces
 38767 | Snake:4  | Killed Vashnia
 38767 | Snake:4  | Reached skill level 13 in Shields
 39051 | Snake:4  | Reached skill level 14 in Shields
 39223 | Snake:5  | Entered Level 5 of the Snake Pit
 39227 | Snake:5  | Reached XP level 19. HP: 132/135 MP: 31/31
 39457 | Snake:5  | Reached skill level 15 in Shields
 39695 | Snake:5  | Reached skill level 11 in Invocations
 39797 | Snake:5  | Reached skill level 12 in Invocations
 40166 | Snake:5  | Reached skill level 16 in Armour
 40245 | Snake:5  | Got a serpentine rune of Zot
 41402 | Slime:1  | Entered Level 1 of the Pits of Slime
 41583 | Slime:1  | Gained mutation: Armour fits poorly on your strangely shaped body. [a shining eye]
 41692 | Slime:2  | Reached skill level 17 in Armour
 41804 | Slime:2  | Reached XP level 20. HP: 132/140 MP: 3/33
 41813 | Slime:3  | Noticed Dissolution
 41841 | Slime:3  | Paralysed by a giant eyeball for 4 turns
 41860 | Slime:2  | Paralysed by a great orb of eyes for 2 turns
 42112 | Slime:2  | Paralysed by a giant eyeball for 4 turns
 42118 | Slime:2  | Killed Dissolution
 42229 | Slime:3  | Reached skill level 18 in Armour
 42431 | Slime:4  | Gained mutation: You are frail (-10% HP). [a shining eye]
 42636 | Slime:4  | Reached skill level 19 in Armour
 42812 | Slime:4  | Paralysed by a great orb of eyes for 3 turns
 43362 | Slime:4  | Reached skill level 20 in Armour
 43378 | Slime:4  | Paralysed by a great orb of eyes for 7 turns
 43611 | Slime:6  | Entered Level 6 of the Pits of Slime
 43723 | Slime:6  | Reached XP level 21. HP: 120/132 MP: 34/34
 43771 | Slime:6  | Noticed the royal jelly
 44274 | Slime:6  | Gained mutation: Your body is slowly deteriorating. [a shining eye]
 44310 | Slime:5  | HP: 12/132 [acid blob/splash of acid[the royal jelly] (4)]
 44825 | Slime:6  | Found a viscous altar of Jiyva.
 44913 | Slime:5  | HP: 9/133 [death ooze[the royal jelly] (17)]
 44913 | Slime:5  | HP: 1/133 [azure jelly[the royal jelly] (6)]
 45304 | Slime:5  | HP: 13/133 [death ooze[the royal jelly] (11)]
 45721 | Slime:1  | Reached skill level 21 in Fighting
 45833 | Lair:3   | Lost mutation: You possess an exceptional clarity of mind. [potion of cure mutation]
 45833 | Lair:3   | Lost mutation: Armour fits poorly on your strangely shaped body. [potion of cure mutation]
 45833 | Lair:3   | Lost mutation: Your body is slowly deteriorating. [potion of cure mutation]
 45833 | Lair:3   | Lost mutation: You are frail (-10% HP). [potion of cure mutation]
 46144 | Vaults:1 | Entered Level 1 of the Vaults
 46737 | Vaults:1 | Reached skill level 16 in Shields
 47222 | Vaults:1 | Reached skill level 17 in Shields
 48225 | Vaults:2 | Found a staircase to the Crypt.
 48342 | Vaults:2 | Noticed Norris
 48357 | Vaults:2 | Noticed Xtahua
 48523 | Vaults:2 | Reached skill level 18 in Shields
 48753 | Vaults:2 | Reached XP level 22. HP: 150/155 MP: 34/34
 49044 | Vaults:2 | Killed Norris
 49178 | Vaults:2 | HP: 11/155 [Xtahua (13)]
 49222 | Vaults:2 | Killed Xtahua
 49641 | Vaults:2 | Reached skill level 19 in Shields
 50516 | Vaults:3 | Reached skill level 20 in Shields
 50685 | Vaults:3 | Reached skill level 13 in Invocations
 50858 | Vaults:3 | Reached skill level 14 in Invocations
 51873 | Vaults:4 | Reached XP level 23. HP: 147/160 MP: 37/37
 51884 | Vaults:4 | Reached skill level 15 in Invocations
 52139 | Vaults:4 | Reached skill level 3 in Dodging
 52201 | Vaults:4 | Reached skill level 4 in Dodging
 52317 | Vaults:4 | Found Clatt's Magic Scroll Emporium.
 52544 | Vaults:5 | Entered Level 5 of the Vaults
 52547 | Vaults:5 | Reached skill level 6 in Evocations
 52547 | Vaults:5 | Reached skill level 7 in Evocations
 52596 | Vaults:5 | Reached skill level 8 in Evocations
 52634 | Vaults:5 | Noticed an ancient lich
 52649 | Vaults:5 | Reached skill level 9 in Evocations
 52951 | Vaults:5 | Reached skill level 10 in Evocations
 53056 | Vaults:5 | Gained mutation: You evolve. [potion of beneficial mutation]
 53060 | Vaults:5 | Identified a scroll of acquirement
 53118 | Vaults:5 | Reached skill level 11 in Evocations
 53300 | Vaults:5 | Reached skill level 12 in Evocations
 53325 | Vaults:5 | Reached skill level 5 in Dodging
 53485 | Vaults:5 | Reached XP level 24. HP: 119/166 MP: 38/38
 53485 | Vaults:5 | Reached skill level 6 in Dodging
 53511 | Vaults:5 | HP: 10/166 [titan/the air (34)]
 53512 | Vaults:5 | Killed from afar by a titan

Vanquished Creatures
  Dissolution (Slime:2)
  Norris (Vaults:2)
  A golden dragon (Vaults:5)
  Xtahua (Vaults:2)
  2 tentacled monstrosities (Vaults:5)
  Vashnia (Snake:4)
  3 titans (Vaults:5)
  A quicksilver dragon (Vaults:5)
  Asterion (Swamp:4)
  2 liches (Vaults:5)
  36 acid blobs
  2 deep elf blademasters (Elf:1)
  3 sphinxes
  Rupert (Lair:7)
  9 tengu reavers
  2 thorn hunters
  2 shadow dragons (Vaults:5)
  2 storm dragons (Vaults:5)
  Kirke (Swamp:1)
  A revenant (Vaults:2)
  30 azure jellies
  13 greater nagas
  Maud (Swamp:1)
  2 frost giants
  4 fire giants
  17 vault wardens
  Aizul (Snake:3)
  Louise (Swamp:4)
  Jorgrun (Swamp:2)
  A war gargoyle (Vaults:3)
  3 very ugly things
  4 stone giants
  A large abomination (Vaults:5)
  2 deep elf demonologists (Vaults:4)
  2 ettins
  17 death oozes
  3 fire dragons
  The ghost of Fyery the Carver, a powerful HEIE of Qazlal (Lair:5)
  A minotaur (Lab)
  A quicksilver dragon zombie (Vaults:5)
  The ghost of Mayheim the Severer, a powerful HOGl of Qazlal (Lair:3)
  A deep elf high priest (Vaults:5)
  30 vault guards
  A rakshasa (Vaults:1)
  12 yaktaur captains
  19 ironheart preservers
  2 ice dragons
  11 naga warriors
  12 great orbs of eyes
  26 hydras
  14 anacondas
  Erica (Elf:1)
  A deep troll earth mage (Vaults:4)
  A vampire mage (Vaults:2)
  7 centaur warriors
  A spectral human (Vaults:2)
  9 ogre magi
  9 alligators
  A deep troll shaman (Vaults:3)
  4 death yaks
  15 naga sharpshooters
  6 orc high priests
  2 catoblepae
  6 hell knights
  3 sun demons
  4 salamander mystics
  A small abomination (Vaults:3)
  Erolcha (D:11)
  7 shock serpents
  8 skeletal warriors
  2 unseen horrors (Vaults:1)
  12 deep elf knights
  3 shadow wraiths
  12 sea snakes (Snake:4)
  2 spriggan druids
  3 giant orange brains
  A lindwurm (Lair:8)
  17 orc knights
  11 swamp dragons
  9 deep elf summoners
  7 deep trolls
  5 wizards
  Pikel (D:4)
  15 ironbrand convokers
  5 naga ritualists
  4 hill giants
  A necromancer (Vaults:5)
  4 shambling mangroves
  2 orc sorcerers
  2 phantasmal warriors (Vaults:5)
  24 ugly things
  The ghost of Mayheim the Cleaver, an experienced HOGl of Qazlal (D:5)
  4 oklob plants (Lair:4)
  6 griffons
  16 deep elf conjurers
  2 statues (Volcano)
  9 wolf spiders
  4 cyclopes
  3 mana vipers
  An octopode (shapeshifter) (Elf:1)
  A red wasp (shapeshifter) (Vaults:3)
  4 red wasps
  A mana viper (shapeshifter) (Vaults:4)
  11 shining eyes
  15 salamanders
  2 sixfirhies
  30 black mambas
  17 guardian serpents
  A fire giant skeleton (Vaults:3)
  9 elephants
  A gargoyle (D:11)
  2 torpor snails (Lair:8)
  24 spiny frogs
  17 vault sentinels
  28 naga magi
  36 yaktaurs
  14 komodo dragons
  8 freezing wraiths
  4 demonic crawlers (Elf:1)
  3 kobold demonologists
  A hellwing (Vaults:4)
  A spectral glowing shapeshifter (Vaults:2)
  9 trolls
  2 jumping spiders (Elf:1)
  A fire drake (Lair:5)
  2 red devils
  A queen bee (shapeshifter) (Vaults:3)
  A polar bear (Lair:8)
  8 deep elf priests
  6 bog bodies
  9 giant leeches
  A wind drake (shapeshifter) (Vaults:5)
  A two-headed ogre (shapeshifter) (Vaults:3)
  20 two-headed ogres
  18 blink frogs
  167 slime creatures
  6 boulder beetles
  3 blue devils
  4 ravens
  A snapping turtle (shapeshifter) (Elf:2)
  2 baby alligators (Swamp:5)
  4 wraiths
  6 basilisks
  A fire giant simulacrum (Vaults:2)
  A flying skull (Vaults:2)
  2 spriggans
  5 shadows
  2 tarantellas
  A water elemental (Orc:4)
  19 deep elf magi
  7 redbacks
  4 hungry ghosts (Lab)
  23 deep elf fighters
  36 yaks
  Eustachio (D:8)
  2 tarantellas (shapeshifter)
  15 vampire mosquitoes
  9 golden eyes
  2 steam dragons
  3 fire bats (Volcano)
  3 wyverns
  18 wolves
  A neqoxec (Orc:4)
  2 hogs (Swamp:1)
  7 hippogriffs
  28 swamp worms
  Edmund (D:8)
  31 water moccasins
  Menkaure (D:5)
  A mottled dragon (Vaults:2)
  74 nagas
  5 wargs
  54 orc warriors
  15 porcupines
  4 sky beasts
  8 yellow wasps
  11 ice beasts
  A human simulacrum (Vaults:3)
  21 swamp drakes
  5 human zombies (Vaults:3)
  2 eyes of draining (shapeshifter)
  8 eyes of draining
  A black bear (D:11)
  20 crocodiles
  35 ogres
  9 boggarts (Vaults:1)
  5 boring beetles
  8 big kobolds
  3 brain worms
  17 centaurs
  A giant frog (shapeshifter) (Vaults:3)
  14 giant frogs
  4 human skeletons (Vaults:3)
  3 wyvern zombies
  An earth elemental (Lab)
  8 insubstantial wisps
  2 glowing shapeshifter simulacra
  A wyvern skeleton (D:13)
  A deep troll simulacrum (Vaults:3)
  A scorpion (D:8)
  8 electric eels
  13 killer bees
  8 wights
  3 giant frog zombies
  9 lava snakes
  7 crimson imps
  3 quasits
  5 giant frog skeletons
  5 goliath beetles
  42 orc priests
  9 centaur skeletons
  A yellow wasp zombie (D:9)
  2 centaur zombies
  40 jellies
  2 two-headed ogre zombies (Vaults:3)
  7 worker ants
  13 iguanas
  25 orc wizards
  12 hounds
  4 orange rats (Elf:1)
  16 sheep
  3 ogre zombies (Vaults:3)
  A big kobold zombie (Vaults:3)
  A killer bee zombie (D:10)
  2 hound zombies
  A hound skeleton (D:7)
  A worker ant zombie (D:6)
  2 orc zombies (Vaults:3)
  21 adders
  20 gnolls
  53 river rats
  A shadow imp (D:11)
  4 giant mites
  2 white imps
  3 worms
  2 giant eyeballs (Slime:2)
  An ufetubus (D:8)
  2 adder skeletons (D:4)
  2 giant geckos
  182 orcs
  2 ball pythons
  4 giant cockroaches
  27 hobgoblins
  6 jackals
  24 kobolds
  3 oozes (Lair:6)
  21 quokkas
  16 bats
  A giant gecko zombie (D:7)
  3 giant newts
  28 goblins
  A jackal zombie (D:6)
  A kobold zombie (Vaults:3)
  14 rats
  7 ballistomycetes (D:6)
  3 bushes
  108 fungi
  51 plants
2511 creatures vanquished.

Vanquished Creatures (collateral kills)
  A death yak (Lair:3)
  An orc priest (Orc:4)
2 creatures vanquished.

Vanquished Creatures (others)
  A deep elf knight (Vaults:1)
  An unseen horror (Vaults:1)
  A necromancer (Vaults:3)
  2 air elementals
  2 humans (Swamp:2)
  2 deep elf fighters
  A deep troll zombie (Vaults:3)
  An ogre (Vaults:2)
  3 earth elementals (Slime:6)
  An orange rat (Elf:1)
  A giant spore (D:6)
  5 fungi
  A plant (Lair:1)
22 creatures vanquished.

Grand Total: 2535 creatures vanquished
